BSA
GREENVILLE 84S @ JERSEY SHORE D-BAGS
10/19/2025
 
TOP OF THE 1ST
Greenville 84s batting - Pitching for Jersey Shore D-Bags : RHP José Ramos
Pitching: RHP José Ramos
Batting: RHB Carlos Torres 0-0: Called Strike
0-1: Bunt missed!
0-2: Ball
1-2: Ball
2-2: SINGLE (Groundball, 34D)
Batting: LHB Chris Moore 0-0: Foul Ball, location: 2F
0-1: Ball
1-1: Swinging Strike
1-2: Foul Ball, location: 2F
1-2: Strikes out swinging
Batting: RHB Enzo Díaz 0-0: Ball
1-0: Foul Ball, location: 2F
1-1: Ball
Carlos Torres is caught stealing 2nd base
2-1: Foul Ball, location: 2F
2-2: Foul Ball, location: 2F
2-2: Foul Ball, location: 2F
2-2: Ground out 6-3 (Groundball, 6)
Top of the 1st over - 0 run(s), 1 hit(s), 0 error(s), 0 left on base; Greenville 0 - Jersey Shore 0
BOTTOM OF THE 1ST
Jersey Shore D-Bags batting - Pitching for Greenville 84s : RHP Andrés Vázquez
Pitching: RHP Andrés Vázquez
Batting: RHB Ricardo González 0-0: Called Strike
0-1: Swinging Strike
0-2: Ball
1-2: Ball
2-2: Ball
3-2: SINGLE (Groundball, 6M)
Batting: RHB Millard Boyd 0-0: Fly out, F6 (Popup, 6MD)
Batting: LHB Pat Zimmerman 0-0: Foul Ball, location: 2F
0-1: Called Strike
0-2: Ground out 5-3 (Groundball, 56S)
Ricardo González to second
Batting: LHB Dave Dodd 0-0: Ground out U3 (Groundball, 3S)
Bottom of the 1st over - 0 run(s), 1 hit(s), 0 error(s), 1 left on base; Greenville 0 - Jersey Shore 0
TOP OF THE 2ND
Greenville 84s batting - Pitching for Jersey Shore D-Bags : RHP José Ramos
Batting: LHB Jimmy Vickers 0-0: Ball
1-0: Swinging Strike
1-1: Ball
2-1: Swinging Strike
2-2: Ball
3-2: Strikes out looking
Batting: LHB Paco Rosas 0-0: Called Strike
0-1: Ground out 4-3 (Groundball, 4)
Batting: LHB Kiyonaga Morita 0-0: Swinging Strike
0-1: Ball
1-1: Foul Ball, location: 2F
1-2: Strikes out looking
Top of the 2nd over - 0 run(s), 0 hit(s), 0 error(s), 0 left on base; Greenville 0 - Jersey Shore 0
BOTTOM OF THE 2ND
Jersey Shore D-Bags batting - Pitching for Greenville 84s : RHP Andrés Vázquez
Batting: SHB Tadahisa Kisuki 0-0: Ball
1-0: Ball
2-0: Swinging Strike
2-1: Ball
3-1: Ground out 5-3 (Groundball, 5S)
Batting: LHB Albert Morgan 0-0: Ball
1-0: Fly out, F8 (Flyball, 8RM)
Batting: RHB Miguel Serna 0-0: Ball
1-0: Ball
2-0: Ball
3-0: Called Strike
3-1: SINGLE (Line Drive, 4D)
Batting: RHB Owen Carter 0-0: Foul Ball, location: 2F
0-1: Ball
1-1: Ball
2-1: Called Strike
2-2: Ball
3-2: Strikes out swinging
Bottom of the 2nd over - 0 run(s), 1 hit(s), 0 error(s), 1 left on base; Greenville 0 - Jersey Shore 0
TOP OF THE 3RD
Greenville 84s batting - Pitching for Jersey Shore D-Bags : RHP José Ramos
Batting: LHB José Costa 0-0: Ball
1-0: Called Strike
1-1: Ball
2-1: Ball
3-1: Foul Ball, location: 2F
3-2: DOUBLE (Flyball, 8LXD)
Batting: LHB Brock Larsen 0-0: Ball
1-0: Ball
2-0: SINGLE (Line Drive, 34D)
José Costa to third
Runner from 3rd tries for Home, SAFE, no throw or cutoff
Batting: LHB Mario Cornelo 0-0: Ball
1-0: Fielders Choice at 2nd, 4-6 (Groundball, 34)
Batting: RHB Carlos Torres 0-0: Ball
Mario Cornelo steals 2nd base
1-0: Ball
2-0: Ball
3-0: Called Strike
3-1: Called Strike
3-2: Foul Ball, location: 2F
3-2: DOUBLE (Flyball, 7LM)
Mario Cornelo scores
Batting: LHB Chris Moore 0-0: Ball
1-0: Ball
2-0: Foul Ball, location: 2F
2-1: Called Strike
2-2: Foul Ball, location: 2F
2-2: Ball
3-2: Ground out 4-3 (Groundball, 4S)
Carlos Torres to third
Batting: RHB Enzo Díaz 0-0: Ball
1-0: Fly out, F9 (Flyball, 89XD)
Top of the 3rd over - 2 run(s), 3 hit(s), 0 error(s), 1 left on base; Greenville 2 - Jersey Shore 0
BOTTOM OF THE 3RD
Jersey Shore D-Bags batting - Pitching for Greenville 84s : RHP Andrés Vázquez
Batting: RHB Cy Keynes 0-0: Swinging Strike
0-1: Ball
1-1: Called Strike
1-2: Foul Ball, location: 2F
1-2: Foul Ball, location: 2F
1-2: Ball
2-2: Ball
3-2: Ground out 1-3 (Groundball, 15S)
Batting: RHB Ricardo González 0-0: Ball
1-0: Ball
2-0: Ball
3-0: Called Strike
3-1: Foul Ball, location: 2F
3-2: SINGLE (Groundball, 5L)
Batting: RHB Millard Boyd 0-0: DOUBLE (Groundball, 5L)
Ricardo González to third
Batting: LHB Pat Zimmerman 0-0: SINGLE (Line Drive, 78S)
Ricardo González scores
Millard Boyd to third
Batting: LHB Dave Dodd 0-0: Called Strike
0-1: Called Strike
0-2: Ball
1-2: Ball
2-2: Ball
3-2: Strikes out swinging
Batting: SHB Tadahisa Kisuki 0-0: Ball
1-0: Ball
2-0: Foul Ball, location: 2F
2-1: Foul Ball, location: 2F
2-2: Strikes out swinging
Bottom of the 3rd over - 1 run(s), 3 hit(s), 0 error(s), 2 left on base; Greenville 2 - Jersey Shore 1
TOP OF THE 4TH
Greenville 84s batting - Pitching for Jersey Shore D-Bags : RHP José Ramos
Batting: LHB Jimmy Vickers 0-0: Called Strike
0-1: Ball
1-1: Ball
2-1: Ball
3-1: Base on Balls
Batting: LHB Paco Rosas 0-0: Fly out, F8 (Flyball, 8RD)
Batting: LHB Kiyonaga Morita 0-0: Ball
1-0: Swinging Strike
1-1: Foul Ball, location: 2F
1-2: Ball
2-2: Strikes out swinging
Batting: LHB José Costa 0-0: Called Strike
0-1: Ball
1-1: Called Strike
1-2: Foul Ball, location: 2F
1-2: Fielders Choice at 2nd, 6-4 (Groundball, 6)
Top of the 4th over - 0 run(s), 0 hit(s), 0 error(s), 0 left on base; Greenville 2 - Jersey Shore 1
BOTTOM OF THE 4TH
Jersey Shore D-Bags batting - Pitching for Greenville 84s : RHP Andrés Vázquez
Batting: LHB Albert Morgan 0-0: Called Strike
0-1: Ball
1-1: Called Strike
1-2: Foul Ball, location: 2F
1-2: SINGLE (Line Drive, 34D)
Batting: RHB Miguel Serna 0-0: Called Strike
0-1: Swinging Strike
0-2: Ball
1-2: Strikes out swinging
Batting: RHB Owen Carter 0-0: Ball
Albert Morgan steals 2nd base
1-0: Ball
Wild Pitch!
Albert Morgan to third
2-0: Called Strike
2-1: DOUBLE (Line Drive, 7LD)
Albert Morgan scores
Batting: RHB Cy Keynes 0-0: Reached on error, E5 (Groundball, 5S)
Owen Carter to third
Batting: RHB Ricardo González 0-0: Fielders Choice at 2nd, 1-4 (Groundball, 13S)
Batting: RHB Millard Boyd 0-0: Ball
1-0: Fly out, F9 (Flyball, 9S)
Bottom of the 4th over - 1 run(s), 2 hit(s), 1 error(s), 2 left on base; Greenville 2 - Jersey Shore 2
TOP OF THE 5TH
Greenville 84s batting - Pitching for Jersey Shore D-Bags : RHP José Ramos
Batting: LHB Brock Larsen 0-0: Called Strike
0-1: Ball
1-1: Called Strike
1-2: Ball
2-2: SINGLE (Groundball, 4MD)
Batting: LHB Mario Cornelo 0-0: Called Strike
0-1: Ball
1-1: Foul Ball, location: 2F
1-2: Fly out, F8 (Flyball, 8LXD)
Batting: RHB Carlos Torres 0-0: Foul Ball, location: 2F
0-1: Ball
1-1: Fly out, F6 (Popup, 6D)
Batting: LHB Chris Moore 0-0: Called Strike
0-1: Swinging Strike
0-2: Ground out 6-3 (Groundball, 6)
Top of the 5th over - 0 run(s), 1 hit(s), 0 error(s), 1 left on base; Greenville 2 - Jersey Shore 2
BOTTOM OF THE 5TH
Jersey Shore D-Bags batting - Pitching for Greenville 84s : RHP Andrés Vázquez
Batting: LHB Pat Zimmerman 0-0: Ball
1-0: Ball
2-0: Foul Ball, location: 2F
2-1: Ball
3-1: Called Strike
3-2: Foul Ball, location: 2F
3-2: Foul Ball, location: 2F
3-2: Ground out 6-3 (Groundball, 6M)
Batting: LHB Dave Dodd 0-0: Called Strike
0-1: Called Strike
0-2: SINGLE (Groundball, 6MD)
Batting: SHB Tadahisa Kisuki 0-0: Grounds into double play, 4-6-3 (Groundball, 4)
Bottom of the 5th over - 0 run(s), 1 hit(s), 0 error(s), 0 left on base; Greenville 2 - Jersey Shore 2
TOP OF THE 6TH
Greenville 84s batting - Pitching for Jersey Shore D-Bags : RHP José Ramos
Batting: RHB Enzo Díaz 0-0: Foul Ball, location: 2F
0-1: Ball
1-1: Fly out, F4 (Popup, 34D)
Batting: LHB Jimmy Vickers 0-0: SINGLE (Line Drive, 4D)
Batting: LHB Paco Rosas 0-0: Swinging Strike
0-1: Ball
1-1: SINGLE (Line Drive, 4MD)
Jimmy Vickers to second
Runner from 2nd tries for 3rd, SAFE, throw made to third
Paco Rosas to second
Batting: LHB Kiyonaga Morita 0-0: Intentional Walk
Batting: LHB José Costa 0-0: Ball
1-0: Called Strike
1-1: DOUBLE (Groundball, 5D)
Jimmy Vickers scores
Paco Rosas scores
Kiyonaga Morita to third
Batting: LHB Brock Larsen 0-0: Intentional Walk
Batting: LHB Mario Cornelo 0-0: Called Strike
0-1: Foul Ball, location: 2F
0-2: Foul Ball, location: 2F
0-2: Ball
1-2: Ball
2-2: GRAND SLAM HOME RUN (Flyball, 89XD), Distance : 407 ft
Pitching: RHP John Hall
Batting: RHB Carlos Torres 0-0: Ball
1-0: Ball
2-0: Ball
3-0: Called Strike
3-1: Foul Ball, location: 2F
3-2: Base on Balls
Batting: LHB Chris Moore 0-0: Called Strike
0-1: Called Strike
Carlos Torres steals 2nd base
0-2: Ball
1-2: Ball
2-2: Ball
3-2: Foul Ball, location: 2F
3-2: SINGLE (Line Drive, 78S)
Carlos Torres to third
Batting: RHB Enzo Díaz 0-0: Ball
1-0: Swinging Strike
1-1: Ball
2-1: Called Strike
2-2: Foul Ball, location: 2F
2-2: Ball
3-2: Foul Ball, location: 2F
3-2: Foul Ball, location: 2F
3-2: Base on Balls
Chris Moore to second
Batting: LHB Jimmy Vickers 0-0: Foul Ball, location: 2F
0-1: Grounds into double play, 6-4-3 (Groundball, 6)
Top of the 6th over - 6 run(s), 5 hit(s), 0 error(s), 2 left on base; Greenville 8 - Jersey Shore 2
BOTTOM OF THE 6TH
Jersey Shore D-Bags batting - Pitching for Greenville 84s : RHP Andrés Vázquez
Pitching: RHP Dave Smith
Batting: LHB Albert Morgan 0-0: Ground out 4-3 (Groundball, 4)
Batting: RHB Miguel Serna 0-0: Foul Ball, location: 2F
0-1: Fly out, F8 (Flyball, 8RXD)
Batting: RHB Owen Carter 0-0: Called Strike
0-1: Ball
1-1: Ball
2-1: Foul Ball, location: 2F
2-2: Foul Ball, location: 2F
2-2: Strikes out swinging
Bottom of the 6th over - 0 run(s), 0 hit(s), 0 error(s), 0 left on base; Greenville 8 - Jersey Shore 2
TOP OF THE 7TH
Greenville 84s batting - Pitching for Jersey Shore D-Bags : RHP John Hall
Batting: LHB Paco Rosas 0-0: Called Strike
0-1: Ball
1-1: Ball
2-1: Swinging Strike
2-2: Strikes out swinging
Batting: LHB Kiyonaga Morita 0-0: Ball
1-0: Fly out, F4 (Popup, 6MD)
Batting: LHB José Costa 0-0: Ball
1-0: SOLO HOME RUN (Flyball, 8LXD), Distance : 425 ft
Batting: LHB Brock Larsen 0-0: Called Strike
0-1: Foul Ball, location: 2F
0-2: Strikes out swinging
Top of the 7th over - 1 run(s), 1 hit(s), 0 error(s), 0 left on base; Greenville 9 - Jersey Shore 2
BOTTOM OF THE 7TH
Jersey Shore D-Bags batting - Pitching for Greenville 84s : RHP Dave Smith
Batting: RHB Cy Keynes 0-0: Ball
1-0: Called Strike
1-1: Ground out 1-3 (Groundball, 13)
Batting: RHB Ricardo González 0-0: Called Strike
0-1: Ball
1-1: Foul Ball, location: 2F
1-2: Ground out 5-3 (Groundball, 56)
Batting: RHB Millard Boyd 0-0: Foul Ball, location: 2F
0-1: Ball
1-1: Foul Ball, location: 2F
1-2: Foul Ball, location: 2F
1-2: Ball
2-2: Foul Ball, location: 2F
2-2: Foul Ball, location: 2F
2-2: Ball
3-2: Strikes out swinging
Bottom of the 7th over - 0 run(s), 0 hit(s), 0 error(s), 0 left on base; Greenville 9 - Jersey Shore 2
TOP OF THE 8TH
Greenville 84s batting - Pitching for Jersey Shore D-Bags : RHP John Hall
Batting: LHB Mario Cornelo 0-0: Ball
1-0: Swinging Strike
1-1: Ball
2-1: Ball
3-1: Base on Balls
Pitching: RHP Luis Cortéz
Batting: RHB Carlos Torres 0-0: Sac Bunt - play at first, batter OUT! 1-4
Mario Cornelo to second
Batting: LHB Chris Moore 0-0: Called Strike
0-1: Called Strike
0-2: Strikes out swinging
Batting: RHB Enzo Díaz 0-0: Called Strike
0-1: Ball
1-1: Swinging Strike
1-2: Strikes out swinging
Top of the 8th over - 0 run(s), 0 hit(s), 0 error(s), 1 left on base; Greenville 9 - Jersey Shore 2
BOTTOM OF THE 8TH
Jersey Shore D-Bags batting - Pitching for Greenville 84s : RHP Dave Smith
Pitching: RHP Ángel Lara
Batting: LHB Pat Zimmerman 0-0: Swinging Strike
0-1: Ball
1-1: Called Strike
1-2: Ground out U3 (Groundball, 3S)
Batting: LHB Dave Dodd 0-0: Swinging Strike
0-1: Ball
1-1: Ball
2-1: Ball
3-1: Base on Balls
Batting: SHB Tadahisa Kisuki 0-0: Ball
1-0: Ball
2-0: Fly out, F4 (Popup, 4MD)
Batting: LHB Albert Morgan 0-0: Ball
1-0: Ball
2-0: Ball
3-0: Called Strike
3-1: DOUBLE (Line Drive, 9LM)
Dave Dodd to third
Runner from 3rd tries for Home, SAFE, no throw or cutoff
Batting: RHB Miguel Serna 0-0: Swinging Strike
0-1: Swinging Strike
0-2: Strikes out swinging
Bottom of the 8th over - 1 run(s), 1 hit(s), 0 error(s), 1 left on base; Greenville 9 - Jersey Shore 3
TOP OF THE 9TH
Greenville 84s batting - Pitching for Jersey Shore D-Bags : RHP Luis Cortéz
Batting: LHB Jimmy Vickers 0-0: Called Strike
0-1: Ball
1-1: SINGLE (Line Drive, 8LS)
Batting: LHB Paco Rosas 0-0: 2-RUN HOME RUN (Flyball, 78D), Distance : 390 ft
Batting: LHB Kiyonaga Morita 0-0: Ball
1-0: Called Strike
1-1: SINGLE (Groundball, 34S)
Batting: LHB José Costa 0-0: Ball
1-0: Called Strike
1-1: Ball
2-1: Fly out, F7 (Flyball, 78D)
Batting: LHB Brock Larsen 0-0: Called Strike
0-1: Ball
1-1: Foul Ball, location: 2F
1-2: Ball
2-2: Strikes out looking
Batting: LHB Mario Cornelo 0-0: Ball
1-0: Called Strike
1-1: Fly out, F8 (Flyball, 78M)
Top of the 9th over - 2 run(s), 3 hit(s), 0 error(s), 1 left on base; Greenville 11 - Jersey Shore 3
BOTTOM OF THE 9TH
Jersey Shore D-Bags batting - Pitching for Greenville 84s : RHP Ángel Lara
Pinch Hitting: LHB Robert Phillips 0-0: Foul Ball, location: 2F
0-1: SINGLE (Line Drive, 56)
Batting: RHB Cy Keynes 0-0: Ball
1-0: Ball
2-0: Ball
3-0: Called Strike
3-1: SINGLE (Groundball, 4MD)
Robert Phillips to second
Pinch Hitting: LHB Dave Watt 0-0: Ball
1-0: Foul Ball, location: 2F
1-1: Ball
2-1: SINGLE (Flyball, 8RS)
Robert Phillips to third
Cy Keynes to second
Batting: RHB Millard Boyd 0-0: Ball
1-0: Ball
2-0: Foul Ball, location: 2F
2-1: SINGLE (Flyball, 8RS)
Robert Phillips scores
Cy Keynes to third
Dave Watt to second
Batting: LHB Pat Zimmerman 0-0: Ball
1-0: Ball
2-0: SINGLE (Line Drive, 56D)
Cy Keynes scores
Dave Watt to third
Millard Boyd to second
Runner from 3rd tries for Home, SAFE, no throw or cutoff
Pitching: LHP Francisco Ríos
Batting: LHB Dave Dodd 0-0: Called Strike
0-1: SINGLE (Line Drive, 89M)
Millard Boyd to third
Pat Zimmerman to second
Batting: SHB Tadahisa Kisuki 0-0: Ball
1-0: Ball
2-0: SINGLE (Line Drive, 9S)
Millard Boyd scores
Pat Zimmerman to third
Dave Dodd to second
Batting: LHB Albert Morgan 0-0: Ball
1-0: Ground out 4-3 (Groundball, 4S)
Pat Zimmerman scores
Dave Dodd to third
Tadahisa Kisuki to second
Batting: RHB Miguel Serna 0-0: Ball
1-0: Ball
2-0: Ground out 1-3 (Groundball, 13)
Pitching: RHP Pierre Deschęnes
Batting: LHB Robert Phillips 0-0: Swinging Strike
0-1: Foul Ball, location: 2F
0-2: Foul Ball, location: 2F
0-2: Ball
1-2: Strikes out looking
Bottom of the 9th over - 5 run(s), 7 hit(s), 0 error(s), 2 left on base; Greenville 11 - Jersey Shore 8
This league is powered by Out of the Park Baseball, the baseball management simulation game for PC, Mac and Linux
Tuesday, August 2nd, 2016 - OOTP Baseball 16.8 Build 38